 Dungeon Crawl Stone Soup version 0.22-a0-525-gf69a080 (webtiles) character file.

1134 iamserjio the Sneak (level 8, -2/54 HPs)
             Began as an Octopode Wanderer on June 21, 2018.
             Slain by Pikel
             ... wielding a +2 whip of freezing
              (7 damage)
             ... on level 5 of the Dungeon.
             The game lasted 00:10:07 (5867 turns).

iamserjio the Sneak (Octopode Wanderer)             Turns: 5867, Time: 00:10:08

Health: -2/54      AC:  1    Str: 12    XL:     8   Next: 36%
Magic:  9/9        EV: 15    Int: 14    God:
Gold:   229        SH:  0    Dex: 13    Spells: 9/9 levels left

rFire    . . .     SeeInvis .   a - +2 short sword
rCold    . . .     Gourm    .   (no shield)
rNeg     . . .     Faith    .   (helmet restricted)
rPois    .         Spirit   .   (no amulet)
rElec    .         Reflect  .   (no ring)
rCorr    .         Harm     .   (no ring)
MR       .....                  (no ring)
Stlth    ++++......             (no ring)
HPRegen  0.18/turn              (no ring)
MPRegen  0.11/turn              (no ring)
                                (no ring)
                                (no ring)

@: no status effects
A: almost no armour, stealthy swim, amphibious, 8 rings, constrict 8, camouflage
1, gelatinous body 1
a: no special abilities


You were on level 5 of the Dungeon.
You were not hungry.

You visited 1 branch of the dungeon, and saw 6 of its levels.

You collected 229 gold pieces.

Inventory:

Hand Weapons
 a - a +2 short sword (weapon)
 o - a +0 falchion
 y - a +0 long sword
Missiles
 f - 118 stones (quivered)
 n - 14 poisoned needles
Armour
 p - a +0 buckler
 x - a +0 shield
Jewellery
 k - an uncursed ring of resist corrosion {unknown}
Wands
 w - a wand of disintegration (10)
Scrolls
 c - a scroll of teleportation
 e - 2 scrolls of magic mapping {unknown}
 h - a scroll of fog {unknown}
 j - 2 scrolls of enchant armour {unknown}
 l - 5 scrolls of identify {unknown}
 q - 3 scrolls of amnesia {unknown}
 r - a scroll of immolation {unknown}
 t - a scroll of noise {unknown}
 v - a scroll of enchant weapon {unknown}
Potions
 b - 4 potions of curing {@q1}
 g - a potion of degeneration {unknown}
 i - a potion of berserk rage {unknown}
 m - a potion of might {unknown}
 s - 3 potions of haste {unknown}
Comestibles
 d - 6 rations
 u - 3 chunks of flesh


   Skills:
 + Level 4.8 Fighting
 - Level 3.2(4.5) Short Blades
 * Level 4.8(5.3) Long Blades
 - Level 2.0 Throwing
 + Level 4.2 Dodging
 + Level 6.4 Stealth
 - Level 1.0 Spellcasting
   Level 1.0 Charms
   Level 1.0 Necromancy


You had 9 spell levels left.
You didn't know any spells.
Your spell library was empty.

Dungeon Overview and Level Annotations

Branches:
Dungeon (6/15)
 Temple: D:4-7

Altars:
Elyvilon
Hepliaklqana
Kikubaaqudgha
Xom

Shops:
D:4 =

Annotations:
D:3 1 runed door, Sigmund
D:4 4 runed doors
D:6 3 runed doors, Pikel


Innate Abilities, Weirdness & Mutations

You cannot wear most types of armour.
You are very stealthy in the water. (Stealth+)
You are amphibious.
You can wear up to eight rings at the same time.
You can use your tentacles to constrict eight enemies at once.
Your skin changes colour to match your surroundings (Stealth+).
Your rubbery body absorbs attacks. (AC +1, EV +1)


Message History

You climb upwards.
There is a stone staircase leading down here.
You hit the slave. You grab the slave.
The slave is severely wounded.
You constrict the slave. Something hits you! Something freezes you.
The slave hits you.
You hit the slave. You squeeze the slave.
The slave is almost dead.
You constrict the slave, but do no damage.
Something hits you! Something freezes you.
You hit the slave.
The slave is almost dead.
You constrict the slave.
You kill the slave!
That felt strangely unrewarding.
Something hits you!
* * * LOW HITPOINT WARNING * * *
Something freezes you.
* * * LOW HITPOINT WARNING * * *
Something hits you!
You die...

.#................#..#.....#.....
##................#..#.....#.....
..................##.#.....#'####
.........#'##......#.####......##
.........#..#......#....#......#.
.........#..#......#....#......#.
.........#..#......#....'......#.
##.......#..#......#....#......#.
.'.......#..#...@..#....#......#.
.#..)....####...>..######......#.
.###'#..........[..............#.
.##..#.........................#.
.....#.........................#.
.##..#.........................#.
.##'##..............##'###+#####.
.##..#....###'#.....#..'.........
.....#....#...+.....#..#.........


There were no monsters in sight!

Vanquished Creatures
  A sky beast (D:4)
  A slave (D:5)
  An ogre (D:5)
  A centaur (D:5)
  A big kobold (D:4)
  A bullfrog (D:5)
  3 scorpions (D:4)
  A water moccasin skeleton (D:4)
  A crimson imp (D:4)
  A hound (D:4)
  2 orc priests (D:3)
  Ijyb (D:5)
  An iguana (D:5)
  2 orc wizards
  3 worker ants
  A gnoll (D:1)
  8 adders
  3 oozes
  6 dart slugs
  3 worms
  3 leopard geckos
  16 orcs
  11 bats
  A bat zombie (D:2)
  3 giant cockroaches
  8 hobgoblins
  9 jackals
  2 quokkas (D:3)
  3 ball pythons
  7 frilled lizards
  9 goblins
  11 kobolds
  9 rats
  A rat zombie (D:2)
135 creatures vanquished.

Notes
Turn   | Place    | Note
-------+----------+-------------------------------------------
     0 | D:1      | iamserjio the Octopode Wanderer began the quest for the Orb.
     0 | D:1      | iamserjio set off with: a +2 short sword, a potion of curing {@q1}, a scroll of teleportation, a ration
     0 | D:1      | Reached XP level 1. HP: 14/14 MP: 2/2
   150 | D:1      | Reached XP level 2. HP: 19/19 MP: 3/3
   187 | D:1      | Reached skill level 2 in Stealth
   304 | D:1      | Reached XP level 3. HP: 25/25 MP: 4/4
   989 | D:2      | Reached skill level 1 in Dodging
  1102 | D:2      | Reached XP level 4. HP: 21/30 MP: 5/5
  1526 | D:2      | Reached skill level 3 in Stealth
  1752 | D:2      | Found an ancient bone altar of Kikubaaqudgha.
  2007 | D:3      | Noticed Sigmund
  2053 | D:3      | Reached XP level 5. HP: 36/36 MP: 6/6
  2223 | D:3      | Reached skill level 4 in Stealth
  2699 | D:3      | Reached skill level 1 in Long Blades
  2728 | D:3      | Found a white marble altar of Elyvilon.
  2886 | D:3      | Found a runed door.
  3067 | D:4      | Found Fahufon's Jewellery Shoppe.
  3076 | D:4      | Reached XP level 6. HP: 32/42 MP: 7/7
  3078 | D:4      | Noticed a sky beast
  3171 | D:4      | Killed a sky beast
  3522 | D:4      | Reached XP level 7. HP: 47/47 MP: 8/8
  3524 | D:4      | Reached skill level 5 in Stealth
  3807 | D:4      | Found a large runed door.
  3807 | D:4      | Found a large runed door.
  4121 | D:4      | Found a large runed door.
  4121 | D:4      | Found a large runed door.
  4767 | D:5      | Entered Level 5 of the Dungeon
  4840 | D:5      | Reached XP level 8. HP: 54/54 MP: 9/9
  4848 | D:5      | Noticed Ijyb
  4872 | D:5      | Killed Ijyb
  4872 | D:5      | Reached skill level 6 in Stealth
  5227 | D:5      | Found a shimmering altar of Xom.
  5228 | D:5      | Found a hazy altar of Hepliaklqana.
  5228 | D:5      | Noticed a tentacled monstrosity
  5229 | D:5      | Noticed a tentacled monstrosity
  5229 | D:5      | Noticed a spectral ugly thing
  5842 | D:6      | Found a runed gate.
  5842 | D:6      | Found a runed gate.
  5842 | D:6      | Found a runed gate.
  5848 | D:6      | Noticed Pikel
  5867 | D:5      | Slain by Pikel

Vault maps used:
D:1:      scummos_arrival_simple_crosswalls, serial_forest,
          infiniplex_forest_clump_tiny, infiniplex_forest_clump_tiny,
          infiniplex_forest_clump_C, infiniplex_forest_corner_2,
          infiniplex_forest_zigzag_1, infiniplex_forest_lined_room_2,
          infiniplex_forest_corner_2, infiniplex_forest_lined_room_3,
          infiniplex_forest_corner_1, st_stairs_7, minmay_crystal_water
D:2:      lemuel_zombie_altar_kikubaaqudgha
D:3:      elyvilon_altar_4, first_ration, uniq_sigmund, uniq_crazy_yiuf_cottage
D:4:      serial_shops, nicolae_shop_crystal, minmay_hollow_rounded_squares
D:5:      regret_index_temple_of_mockery, uniq_ijyb
D:6:      nicolae_ru_path_of_blood, gammafunk_ghost_necromancy, uniq_eustachio,
          uniq_edmund, uniq_pikel, uniq_menkaure

Skill      XL: |  1  2  3  4  5  6  7  8 |
---------------+-------------------------+-----
Stealth        | 2 3 4 5 6 |  6.4
Short Blades   | 3 |  3.2
Dodging        | 1 2 3 4 |  4.2
Fighting       | 3 4 |  4.8
Long Blades    | 1 2 4 |  4.8
Throwing       | |  2.0
Spellcasting   | |  1.0
Charms         | |  1.0
Necromancy     | |  1.0

Action                   |  1- 3 |  4- 6 |  7- 9 || total
-------------------------+-------+-------+-------++-------
Melee: Short sword       |    73 |    90 |   124 ||   287
       Constrict         |    17 |    29 |    23 ||    69
       Tentacles         |    11 |    15 |    25 ||    51
       Falchion          |       |    32 |       ||    32
Throw: Stone             |       |     1 |       ||     1
 Stab: Sleeping          |     7 |    17 |    11 ||    35
  Eat: Chunk             |     1 |     6 |     5 ||    12
       Ration            |       |       |     1 ||     1
Armor: Skin              |     9 |     5 |     3 ||    17
Dodge: Dodged            |    40 |    66 |    67 ||   173
       Rpst.: Falchion   |       |     4 |       ||     4

Table legend:
 A = Spawn XP
 B = Non-spawn XP
 C = Spawn XP percentage of total XP
 D = Spawn monster count
 E = Non-spawn monster count
 F = Spawn count percentage of total count
 G = Total turns spent on level
                    A         B        C        D         E        F      G
               +---------+---------+-------+---------+---------+-------+---------
         Total |       0 |    1620 |   0.0 |       0 |     134 |   0.0 |  5867
               +---------+---------+-------+---------+---------+-------+---------
           D:1 |       0 |      69 |   0.0 |       0 |      32 |   0.0 |   817
           D:2 |       0 |      69 |   0.0 |       0 |      27 |   0.0 |  1092
           D:3 |       0 |     178 |   0.0 |       0 |      31 |   0.0 |  1121
           D:4 |       0 |     756 |   0.0 |       0 |      22 |   0.0 |  1737
           D:5 |       0 |     514 |   0.0 |       0 |      21 |   0.0 |  1079
           D:6 |       0 |      34 |   0.0 |       0 |       1 |   0.0 |    21
               +---------+---------+-------+---------+---------+-------+---------
